[ AOE2 MATCH · #505454456 ]
UnrankedCelts vs Magyars
Player's team · WIN
Rival team · LOSS
[ REPLAY ANALYSIS · EXTRACTED FROM THE RECORDED GAME ]
Feudal
10:31
Castle
20:41
Imperial
—
| APM avg | 69.6 |
| APM peak | 151 |
| eAPM avg | 32.0 |
| Villagers / military | 77 / 38 |
Focus
⚔️ 56.5% · 🌾 43.5%
Archer ×28 · Militia ×4 · Mangonel ×3 · Monk ×2 · Battering Ram ×1
Feudal
8:47
Castle
23:04
Imperial
—
| APM avg | 77.3 |
| APM peak | 137 |
| eAPM avg | 30.3 |
| Villagers / military | 54 / 19 |
Focus
⚔️ 44.5% · 🌾 55.5%
Skirmisher ×14 · Archer ×4 · Mangonel ×1 · Trade Cart ×1
Match map
Initial resources + every placement click. Lines = walls · curves = elevation contours. ◆ gold · ⬟ stone · ● berries · ✦ relic · ◌ wall gap
Your base· Open — unwalled flank
danger_noodle42's base· Open — unwalled flank
Smoothed initial terrain · ◌ = detected wall gap · hover for details
Inputs per minute
— PNLN | PG9 - - danger_noodle42
Build order — PNLN | PG9
First 150 of 197 actions detected
| 0:01 | Create | Villager (Male) |
| 0:02 | Create | Villager (Male) |
| 0:03 | Build | House |
| 0:04 | Create | Villager (Male) |
| 0:08 | Create | Villager (Male) |
| 0:08 | Create | Villager (Male) |
| 1:23 | Create | Villager (Male) |
| 2:01 | Create | Villager (Male) |
| 2:03 | Create | Villager (Male) |
| 2:03 | Create | Villager (Male) |
| 2:03 | Create | Villager (Male) |
| 2:13 | Build | Lumber Camp |
| 2:23 | Create | Villager (Male) |
| 2:23 | Create | Villager (Male) |
| 3:05 | Create | Villager (Male) |
| 3:06 | Create | Villager (Male) |
| 3:24 | Create | Villager (Male) |
| 3:25 | Create | Villager (Male) |
| 3:32 | Build | House |
| 3:41 | Build | House |
| 3:44 | Create | Villager (Male) |
| 3:44 | Create | Villager (Male) |
| 4:26 | Create | Villager (Male) |
| 4:50 | Create | Villager (Male) |
| 4:58 | Build | Barracks |
| 5:03 | Build | House |
| 5:18 | Build | House |
| 5:26 | Create | Villager (Male) |
| 5:37 | Create | Villager (Male) |
| 5:54 | Create | Militia |
| 6:13 | Create | Villager (Male) |
| 6:14 | Build | Mill |
| 6:16 | Create | Militia |
| 6:35 | Create | Villager (Male) |
| 6:43 | Create | Villager (Male) |
| 6:59 | Create | Villager (Male) |
| 7:13 | Build | Farm |
| 7:30 | Create | Villager (Male) |
| 7:43 | Create | Villager (Male) |
| 7:46 | Research | Loom |
| 8:08 | Build | Mining Camp |
| 8:15 | Research | Feudal Age |
| 8:20 | Research | Loom |
| 8:25 | Create | Militia |
| 8:30 | Build | House |
| 8:31 | Build | House |
| 8:41 | Create | Militia |
| 9:31 | Build | Farm |
| 9:34 | Create | Villager (Male) |
| 9:44 | Create | Villager (Male) |
| 10:09 | Create | Villager (Male) |
| 10:26 | Create | Villager (Male) |
| 10:31 | Age | Feudal Age |
| 11:00 | Create | Villager (Male) |
| 11:00 | Create | Villager (Male) |
| 11:26 | Create | Villager (Male) |
| 11:44 | Create | Villager (Male) |
| 11:46 | Build | Archery Range |
| 11:52 | Build | Archery Range |
| 11:59 | Build | Watch Tower |
| 12:03 | Research | Double-Bit Axe |
| 12:03 | Research | Double-Bit Axe |
| 12:07 | Build | House |
| 12:07 | Build | Palisade Wall |
| 12:11 | Build | Palisade Wall |
| 12:12 | Create | Villager (Male) |
| 12:16 | Build | Farm |
| 12:19 | Build | Farm |
| 12:25 | Build | Farm |
| 12:26 | Build | Farm |
| 12:31 | Build | House |
| 12:35 | Build | Palisade Wall |
| 12:40 | Create | Villager (Male) |
| 12:51 | Create | Archer |
| 12:57 | Create | Villager (Male) |
| 13:09 | Create | Archer |
| 13:17 | Build | Blacksmith |
| 13:18 | Build | Palisade Wall |
| 13:22 | Create | Archer |
| 13:26 | Create | Villager (Male) |
| 13:35 | Create | Villager (Male) |
| 13:39 | Build | Palisade Wall |
| 13:50 | Create | Archer |
| 13:50 | Create | Villager (Male) |
| 13:54 | Build | Farm |
| 14:04 | Research | Fletching |
| 14:04 | Research | Fletching |
| 14:05 | Create | Archer |
| 14:05 | Create | Villager (Male) |
| 14:14 | Build | Lumber Camp |
| 14:18 | Create | Archer |
| 14:18 | Create | Villager (Male) |
| 14:22 | Create | Archer |
| 14:22 | Create | Archer |
| 14:29 | Build | House |
| 14:33 | Build | House |
| 14:37 | Create | Archer |
| 14:51 | Create | Archer |
| 14:54 | Build | Farm |
| 15:02 | Create | Archer |
| 15:03 | Create | Villager (Male) |
| 15:09 | Build | Farm |
| 15:20 | Create | Archer |
| 15:27 | Build | Farm |
| 16:04 | Create | Archer |
| 16:04 | Create | Archer |
| 16:07 | Create | Archer |
| 16:11 | Build | Farm |
| 16:13 | Build | Market |
| 16:15 | Build | Farm |
| 16:26 | Create | Villager (Male) |
| 16:38 | Build | Farm |
| 16:44 | Create | Villager (Male) |
| 16:50 | Build | Farm |
| 16:55 | Build | House |
| 17:03 | Create | Archer |
| 17:04 | Create | Villager (Male) |
| 18:01 | Research | Castle Age |
| 18:01 | Research | Castle Age |
| 18:11 | Build | Farm |
| 18:20 | Create | Archer |
| 18:20 | Create | Archer |
| 18:34 | Build | House |
| 18:38 | Research | Horse Collar |
| 18:38 | Research | Horse Collar |
| 18:39 | Research | Loom |
| 18:40 | Create | Villager (Male) |
| 18:53 | Create | Archer |
| 19:05 | Research | Gold Mining |
| 19:17 | Build | House |
| 19:36 | Research | Padded Archer Armor |
| 19:37 | Research | Padded Archer Armor |
| 19:37 | Create | Archer |
| 19:37 | Create | Archer |
| 19:56 | Create | Archer |
| 20:13 | Create | Villager (Male) |
| 20:23 | Create | Archer |
| 20:23 | Create | Archer |
| 20:34 | Build | House |
| 20:36 | Build | Lumber Camp |
| 20:41 | Age | Castle Age |
| 20:43 | Research | Crossbowman (upgrade) |
| 20:43 | Research | Crossbowman (upgrade) |
| 20:52 | Research | Bodkin Arrow |
| 20:53 | Create | Villager (Male) |
| 20:56 | Build | Siege Workshop |
| 21:02 | Create | Archer |
| 21:02 | Create | Villager (Male) |
| 21:08 | Create | Villager (Male) |
| 21:13 | Build | Town Center |
Build order — danger_noodle42
First 150 of 154 actions detected
| 0:00 | Create | Villager (Male) |
| 0:01 | Create | Villager (Male) |
| 0:02 | Build | House |
| 0:03 | Build | House |
| 0:11 | Create | Villager (Male) |
| 0:12 | Create | Villager (Male) |
| 0:12 | Create | Villager (Male) |
| 1:23 | Create | Villager (Male) |
| 1:24 | Create | Villager (Male) |
| 1:59 | Build | Lumber Camp |
| 2:00 | Create | Villager (Male) |
| 2:17 | Create | Villager (Male) |
| 2:17 | Create | Villager (Male) |
| 2:49 | Create | Villager (Male) |
| 2:49 | Create | Villager (Male) |
| 3:15 | Create | Villager (Male) |
| 3:15 | Create | Villager (Male) |
| 3:41 | Create | Villager (Male) |
| 3:50 | Create | Villager (Male) |
| 3:57 | Create | Villager (Male) |
| 3:57 | Create | Villager (Male) |
| 4:09 | Create | Villager (Male) |
| 4:09 | Create | Villager (Male) |
| 4:14 | Build | Mill |
| 4:52 | Create | Villager (Male) |
| 5:48 | Research | Loom |
| 6:15 | Build | Palisade Wall |
| 6:17 | Build | Palisade Wall |
| 6:27 | Build | Palisade Wall |
| 6:30 | Create | Villager (Male) |
| 6:37 | Research | Feudal Age |
| 6:37 | Research | Feudal Age |
| 6:48 | Build | Palisade Wall |
| 6:51 | Build | Palisade Wall |
| 7:29 | Create | Villager (Male) |
| 7:45 | Build | Palisade Wall |
| 8:17 | Build | Barracks |
| 8:20 | Build | Palisade Wall |
| 8:22 | Build | Palisade Wall |
| 8:23 | Build | Palisade Wall |
| 8:27 | Build | Palisade Wall |
| 8:28 | Build | Palisade Wall |
| 8:46 | Create | Villager (Male) |
| 8:47 | Age | Feudal Age |
| 8:51 | Build | Palisade Wall |
| 9:00 | Build | Archery Range |
| 9:05 | Create | Villager (Male) |
| 9:13 | Build | Palisade Gate |
| 9:24 | Build | House |
| 9:28 | Create | Villager (Male) |
| 9:51 | Create | Archer |
| 10:19 | Build | Mining Camp |
| 10:33 | Create | Villager (Male) |
| 10:37 | Build | Palisade Wall |
| 10:38 | Build | Palisade Wall |
| 10:42 | Build | Palisade Wall |
| 10:59 | Create | Villager (Male) |
| 11:23 | Build | Palisade Wall |
| 11:36 | Build | Farm |
| 11:38 | Create | Villager (Male) |
| 11:44 | Create | Villager (Male) |
| 11:50 | Build | Farm |
| 11:55 | Create | Villager (Male) |
| 12:03 | Research | Double-Bit Axe |
| 12:15 | Create | Archer |
| 12:19 | Build | House |
| 12:19 | Create | Villager (Male) |
| 12:33 | Create | Villager (Male) |
| 12:34 | Build | Palisade Wall |
| 12:36 | Create | Villager (Male) |
| 12:39 | Build | House |
| 12:41 | Build | Farm |
| 13:02 | Build | Palisade Wall |
| 13:08 | Create | Villager (Male) |
| 13:10 | Build | Palisade Wall |
| 13:18 | Create | Villager (Male) |
| 13:22 | Build | House |
| 13:25 | Create | Archer |
| 13:34 | Build | Blacksmith |
| 13:43 | Create | Villager (Male) |
| 13:55 | Create | Archer |
| 13:57 | Build | Farm |
| 14:03 | Build | Farm |
| 14:17 | Create | Villager (Male) |
| 14:18 | Research | Fletching |
| 14:32 | Build | House |
| 14:53 | Build | Market |
| 15:20 | Create | Villager (Male) |
| 15:22 | Build | Farm |
| 15:30 | Build | House |
| 15:32 | Build | Palisade Wall |
| 15:43 | Research | Padded Archer Armor |
| 15:58 | Create | Skirmisher |
| 15:59 | Create | Villager (Male) |
| 16:04 | Build | Farm |
| 16:05 | Build | Farm |
| 16:15 | Build | Palisade Wall |
| 16:22 | Create | Skirmisher |
| 16:23 | Create | Villager (Male) |
| 16:26 | Create | Villager (Male) |
| 16:36 | Build | Lumber Camp |
| 16:46 | Build | Palisade Wall |
| 16:50 | Create | Villager (Male) |
| 16:52 | Create | Villager (Male) |
| 16:54 | Build | House |
| 16:59 | Create | Skirmisher |
| 17:13 | Build | House |
| 17:18 | Create | Villager (Male) |
| 17:20 | Create | Skirmisher |
| 17:35 | Create | Skirmisher |
| 17:46 | Create | Villager (Male) |
| 17:48 | Build | Farm |
| 18:00 | Create | Villager (Male) |
| 18:06 | Build | House |
| 18:11 | Build | Lumber Camp |
| 18:20 | Create | Villager (Male) |
| 18:28 | Build | Farm |
| 18:46 | Build | Farm |
| 19:05 | Create | Villager (Male) |
| 19:12 | Build | Farm |
| 19:31 | Create | Villager (Male) |
| 19:40 | Build | Farm |
| 20:22 | Build | Farm |
| 20:24 | Research | Castle Age |
| 20:33 | Create | Trade Cart |
| 20:43 | Build | Farm |
| 20:48 | Create | Skirmisher |
| 20:50 | Build | Farm |
| 20:55 | Build | House |
| 20:57 | Build | House |
| 21:04 | Build | House |
| 21:07 | Create | Skirmisher |
| 21:25 | Create | Skirmisher |
| 21:28 | Build | Watch Tower |
| 21:43 | Create | Skirmisher |
| 22:02 | Create | Skirmisher |
| 22:15 | Create | Skirmisher |
| 22:21 | Create | Skirmisher |
| 22:21 | Create | Skirmisher |
| 22:21 | Create | Skirmisher |
| 23:04 | Age | Castle Age |
| 23:07 | Research | Elite Skirmisher (upgrade) |
| 23:08 | Research | Bodkin Arrow |
| 23:14 | Build | Siege Workshop |
| 23:17 | Research | Bow Saw |
| 23:19 | Create | Villager (Male) |
| 23:22 | Build | Farm |
| 23:38 | Research | Horse Collar |
| 23:40 | Create | Villager (Male) |
| 23:48 | Create | Mangonel |
Match timeline
| 4:58 | PNLN | PG9 · first_building Barracks |
| 6:15 | danger_noodle42 · wall_segment Palisade Wall x1 |
| 6:17 | danger_noodle42 · wall_segment Palisade Wall x1 |
| 6:27 | danger_noodle42 · wall_segment Palisade Wall x4 |
| 6:48 | danger_noodle42 · wall_segment Palisade Wall x1 |
| 6:51 | danger_noodle42 · wall_segment Palisade Wall x1 |
| 7:45 | danger_noodle42 · wall_segment Palisade Wall x1 |
| 8:17 | danger_noodle42 · first_building Barracks |
| 8:20 | danger_noodle42 · wall_segment Palisade Wall x2 |
| 8:22 | danger_noodle42 · wall_segment Palisade Wall x2 |
| 8:23 | danger_noodle42 · wall_segment Palisade Wall x1 |
| 8:27 | danger_noodle42 · wall_segment Palisade Wall x1 |
| 8:28 | danger_noodle42 · wall_segment Palisade Wall x1 |
| 8:47 | danger_noodle42 · age_up feudal |
| 8:51 | danger_noodle42 · wall_segment Palisade Wall x1 |
| 9:00 | danger_noodle42 · first_building Archery Range |
| 10:31 | PNLN | PG9 · age_up feudal |
| 10:37 | danger_noodle42 · wall_segment Palisade Wall x1 |
| 10:38 | danger_noodle42 · wall_segment Palisade Wall x1 |
| 10:42 | danger_noodle42 · wall_segment Palisade Wall x1 |
| 11:23 | danger_noodle42 · wall_segment Palisade Wall x2 |
| 11:46 | PNLN | PG9 · first_building Archery Range |
| 12:07 | PNLN | PG9 · wall_segment Palisade Wall x1 |
| 12:11 | PNLN | PG9 · wall_segment Palisade Wall x10 |
| 12:34 | danger_noodle42 · wall_segment Palisade Wall x1 |
| 12:35 | PNLN | PG9 · wall_segment Palisade Wall x6 |
| 13:02 | danger_noodle42 · wall_segment Palisade Wall x1 |
| 13:10 | danger_noodle42 · wall_segment Palisade Wall x1 |
| 13:18 | PNLN | PG9 · wall_segment Palisade Wall x7 |
| 13:39 | PNLN | PG9 · wall_segment Palisade Wall x7 |
| 15:32 | danger_noodle42 · wall_segment Palisade Wall x4 |
| 16:15 | danger_noodle42 · wall_segment Palisade Wall x3 |
| 16:46 | danger_noodle42 · wall_segment Palisade Wall x8 |
| 16:59 | danger_noodle42 · first_market_buy 100 food |
| 17:37 | PNLN | PG9 · first_market_buy 100 food |
| 17:37 | PNLN | PG9 · first_market_sell 100 wood |
| 20:41 | PNLN | PG9 · age_up castle |
| 20:56 | PNLN | PG9 · first_building Siege Workshop |
| 23:04 | danger_noodle42 · age_up castle |
| 23:14 | danger_noodle42 · first_building Siege Workshop |
| 23:48 | PNLN | PG9 · first_building Monastery |
| 25:15 | danger_noodle42 · resign |
[ AI ANALYSIS · 1 CREDIT ]
What really happened in this match?
Wolo.gg analyzes every decision: build order, eco, micro, common mistakes by bracket. Personalized analysis on WhatsApp or Discord in 30 seconds.
Civ guide
Celts
Perfil
Jugador #658565